AoeStats
← brian_carp11

Arabia

503525849Analyzed
1v1 RM · 1mo ago on Sep 1, 2026· 42m 14s· 2 players
Game mode
Random Map
Map size
Tiny (2 player)
Population
200
Speed
Normal
Resources
Standard
Victory
Conquest
Starting age
Dark Age
Ending age
Imperial Age
RankedLock teamsTeams togetherTeam positionsShared explorationLock speedFull tech treeHidden civsTurbo modeCheats
Victory
Defeat
🇨🇱 Byzantines · Chile
190
+23
🇦🇷 Khmer · Argentina
361
-23
arturoign.diaz
12:09 Feudal Age
16:11 Wheelbarrow
15:34 Horse Collar
15:45 Double-Bit Axe
18:40 Gold Mining
18:40 Stone Mining
23:32 Castle Age
25:40 Man-at-Arms
26:06 Gambesons
26:07 Arson
26:23 Squires
25:43 Pikeman
31:56 Imperial Age
29:42 Husbandry
29:04 Crossbowman
29:05 Elite Skirmisher
32:27 Heavy Plow
33:52 Crop Rotation
brian_carp11
7:35 Loom
10:43 Feudal Age
12:31 Double-Bit Axe
16:30 Horse Collar
20:44 Castle Age
20:35 Gold Mining
22:10 Bow Saw
22:21 Stone Mining
32:21 Wheelbarrow
32:11 Pikeman
32:42 Arson
32:56 Town Watch
33:30 Hand Cart
35:12 Town Patrol
37:07 Gold Shaft Mining
43:48 Imperial Age
Connection lost

Rejoining the realm…

Still unreachable

The connection could not be restored.

Session expired

The server has moved on; the page needs a fresh start.